 Dungeon Crawl Stone Soup version 0.29.0-4-gdea44cf6ec (webtiles) character file.

Game seed: 4587282333860510648

298 qw the Chopper (level 6, 38/38 HPs)
             Began as a Gargoyle Berserker on Sept 6, 2022.
             Was a Believer of Trog.
             Quit the game on level 4 of the Dungeon.
             The game lasted 00:08:33 (6803 turns).

qw the Chopper (Gargoyle Berserker)                 Turns: 6803, Time: 00:08:34

Health: 38/38      AC:  9    Str: 23    XL:     6   Next: 35%
Magic:  6/6        EV: 11    Int:  7    God:    Trog [**....]
Gold:   134        SH:  0    Dex:  9    Spells: 5/5 levels left

rFire   . . .      SeeInvis .   Y - +1 hand axe
rCold   . . .      Faith    .   (no shield)
rNeg    + . .      Spirit   .   g - +0 ring mail
rPois   inf        Reflect  .   (no helmet)
rElec   +          Harm     .   (no cloak)
rCorr   .          Rampage  .   (no gloves)
Will    .....                   (no boots)
Stlth   ..........              (no amulet)
HPRegen 0.12/turn               (no ring)
MPRegen 0.10/turn               (no ring)

@: no status effects
A: sickness immunity, AC +4, negative energy resistance 1, electricity
resistance, torment resistance 1, petrification resistance
a: Renounce Religion, Berserk, Trog's Hand


You were on level 4 of the Dungeon.
You worshipped Trog.
Trog was pleased with you.
You visited 1 branch of the dungeon, and saw 4 of its levels.

You collected 230 gold pieces.
You spent 96 gold pieces at shops.


Innate Abilities, Weirdness & Mutations

You are immune to sickness and miasma.
Your stone body is resilient. (AC +4)
You are immune to poison.
You resist negative energy. (rN+)
You are resistant to electric shocks. (rElec)
You are resistant to unholy torment.
You are immune to petrification.


   Skills:
 - Level 4.0 Fighting
 + Level 6.0 Axes
 - Level 2.1 Armour
 - Level 1.5 Dodging


You had 5 spell levels left.
You didn't know any spells.
Your spell library was empty.

Inventory:

Hand Weapons
 j - a +0 whip
 Y - a +1 hand axe (weapon)
Armour
 g - a +0 ring mail (worn)
Scrolls
 o - a scroll of identify
Potions
 a - 2 potions of cancellation
 c - a potion of curing {unknown}
 e - a potion of degeneration {unknown}
 f - a potion of haste {unknown}
 h - a potion of berserk rage {unknown}
 i - a potion of heal wounds
 m - a potion of might {unknown}

Dungeon Overview and Level Annotations

Branches:
Dungeon (4/15)
 Temple: D:4-7

Altars:
Uskayaw

Shops:
D:2 !

Annotations:
D:3 2 transporters, qw's ghost, amateur FoCA


Message History

A goblin is nearby!
6786 ||| Stepping randomly (stuck).
Items here: $ ( ) [.
A goblin is nearby!
A goblin is nearby!
6787 ||| Stepping randomly (stuck).
Items here: $ ( ) [.
A goblin is nearby!
A goblin is nearby!
6789 ||| Stepping randomly (stuck).
A goblin is nearby!
A goblin is nearby!
6790 ||| Stepping randomly (stuck).
A goblin is nearby!
A goblin is nearby!
6792 ||| Stepping randomly (stuck).
A goblin is nearby!
A goblin is nearby!
6794 ||| Stepping randomly (stuck).
A goblin is nearby!
A goblin is nearby!
6796 ||| Stepping randomly (stuck).
A goblin is nearby!
A goblin is nearby!
6798 ||| Stepping randomly (stuck).
Items here: $ ( ) [.
A goblin is nearby!
A goblin is nearby!
6799 ||| Stepping randomly (stuck).
A goblin is nearby!
A goblin is nearby!
6800 ||| Stepping randomly (stuck).
Items here: $ ( ) [.
A goblin is nearby!
A goblin is nearby!
6801 ||| Stepping randomly (stuck).
Items here: $ ( ) [.
A goblin is nearby!
A goblin is nearby!
Are you sure you want to abandon this character and quit the game? (Confirm with "yes".)

#............
#....#..##... ##
#######..#### .
#....##### ###.
##..##.##. #.[#
#......#. #.g#
##....... ######
#........ ##.@..#
#........
#.####....##........
#.# #########...... #.#
#..'....#..##..
###.####).#.88.#.###..
##.##....###.88.#####..
#...########....# #..#
#..........#'#######...
#...####..)#.#.)..#...#


You could see a goblin.

Vanquished Creatures
  A kobold brigand (D:4)
  3 iguanas (D:4)
  5 adders
  2 worms (D:2)
  A dart slug (D:4)
  3 orcs
  6 ball pythons
  12 endoplasms
  4 giant cockroaches
  6 goblins
  8 hobgoblins
  13 jackals
  5 quokkas
  4 bats
  A frilled lizard (D:1)
  7 kobolds
  7 rats
88 creatures vanquished.

Vanquished Creatures (others)
  15 plants
15 creatures vanquished.

Grand Total: 103 creatures vanquished

Notes
Turn   | Place    | Note
-------+----------+-------------------------------------------
     0 | D:1      | qw the Gargoyle Berserker began the quest for the Orb.
     0 | D:1      | Reached XP level 1. HP: 14/14 MP: 1/1
     0 | D:1      | 0 ||| qw: Version: 0.1-a-108-g9e35731
     0 | D:1      | 0 ||| qw: Game counter: 6259
     0 | D:1      | 0 ||| qw: Always use a shield: true
     0 | D:1      | 0 ||| qw: Do Orc after D:15 true
     0 | D:1      | 0 ||| qw: Do second Lair branch before Depths: true
     0 | D:1      | 0 ||| qw: Lair rune preference: random
     0 | D:1      | 0 ||| qw: Plans: Normal
     0 | D:1      | 0 ||| PLANNING D:1-11
    60 | D:1      | 60 ||| Stepping ~*~*~tactically~*~*~ (stealth).
    64 | D:1      | 64 ||| Stepping ~*~*~tactically~*~*~ (stealth).
    65 | D:1      | 65 ||| Stepping ~*~*~tactically~*~*~ (stealth).
    72 | D:1      | 72 ||| Stepping ~*~*~tactically~*~*~ (stealth).
   186 | D:1      | 186 ||| Stepping ~*~*~tactically~*~*~ (stealth).
   321 | D:1      | Reached skill level 3 in Axes
   388 | D:1      | Reached XP level 2. HP: 13/19 MP: 2/2
   514 | D:1      | 514 ||| Stepping ~*~*~tactically~*~*~ (stealth).
   518 | D:1      | 518 ||| Stepping ~*~*~tactically~*~*~ (stealth).
   519 | D:1      | 519 ||| Stepping ~*~*~tactically~*~*~ (stealth).
   766 | D:1      | 766 ||| Stepping ~*~*~tactically~*~*~ (stealth).
   767 | D:1      | 767 ||| Stepping ~*~*~tactically~*~*~ (stealth).
   777 | D:1      | Reached XP level 3. HP: 18/23 MP: 3/3
   963 | D:1      | Reached ** piety under Trog
   965 | D:1      | 965 ||| Stepping ~*~*~tactically~*~*~ (stealth).
   969 | D:1      | 969 ||| Stepping ~*~*~tactically~*~*~ (stealth).
   975 | D:1      | Reached skill level 4 in Axes
  1310 | D:1      | 1310 ||| READING scroll labelled PAUDGHYA EZER.
  1311 | D:1      | 1311 ||| READING scroll labelled KYATWASSEA.
  1426 | D:2      | 1426 ||| FLEEEEING.
  1427 | D:2      | 1427 ||| FLEEEEING.
  1428 | D:2      | 1428 ||| FLEEEEING.
  1429 | D:2      | 1429 ||| FLEEEEING.
  1439 | D:2      | 1439 ||| STAIRDANCE
  1501 | D:1      | 1501 ||| DRINKING 2 sedimented inky potions.
  1580 | D:2      | 1580 ||| Stepping ~*~*~tactically~*~*~ (stealth).
  1585 | D:2      | 1585 ||| DROPPING +0 club.
  1624 | D:2      | Found Ilaicw's Distillery.
  1731 | D:2      | 1731 ||| Stepping ~*~*~tactically~*~*~ (stealth).
  1752 | D:2      | 1752 ||| INVOKING Berserk.
  1770 | D:2      | 1770 ||| FLEEEEING.
  1771 | D:2      | 1771 ||| FLEEEEING.
  1772 | D:2      | 1772 ||| FLEEEEING.
  1773 | D:2      | 1773 ||| FLEEEEING.
  1774 | D:2      | 1774 ||| FLEEEEING.
  1777 | D:2      | 1777 ||| FLEEEEING.
  1778 | D:2      | 1778 ||| FLEEEEING.
  1782 | D:2      | 1782 ||| FLEEEEING.
  1783 | D:2      | 1783 ||| FLEEEEING.
  1784 | D:2      | 1784 ||| FLEEEEING.
  1803 | D:2      | 1803 ||| FLEEEEING.
  1804 | D:2      | 1804 ||| FLEEEEING.
  1805 | D:2      | 1805 ||| FLEEEEING.
  1806 | D:2      | 1806 ||| FLEEEEING.
  1807 | D:2      | 1807 ||| FLEEEEING.
  1808 | D:2      | 1808 ||| FLEEEEING.
  1825 | D:2      | 1825 ||| FLEEEEING.
  1826 | D:2      | 1826 ||| FLEEEEING.
  1833 | D:2      | 1833 ||| STAIRDANCE
  1898 | D:1      | 1898 ||| DRINKING 2 viscous yellow potions.
  1899 | D:1      | 1899 ||| DROPPING potion of magic.
  1909 | D:2      | 1909 ||| INVOKING Berserk.
  1913 | D:2      | Reached XP level 4. HP: 28/28 MP: 4/4
  2256 | D:2      | 2256 ||| Stepping ~*~*~tactically~*~*~ (stealth).
  2428 | D:2      | Found a faded altar of an unknown god.
  3040 | D:2      | 3040 ||| BUYING potion of cancellation (96 gold).
  3040 | D:2      | Bought a potion of cancellation for 96 gold pieces
  3040 | D:2      | 3040 ||| SHOPLISTING potion of might (48 gold, have 32).
  3040 | D:2      | 3040 ||| UPGRADING to +0 ring mail.
  3050 | D:2      | 3050 ||| DROPPING +0 animal skin.
  3051 | D:2      | 3051 ||| DROPPING amulet of faith.
  3052 | D:2      | 3052 ||| READING scroll labelled YLEMYGG SELEISK.
  3053 | D:2      | 3053 ||| READING 2 scrolls labelled SAJEIZ RAYMA.
  3129 | D:3      | Found a transporter.
  3215 | D:3      | 3215 ||| Stepping ~*~*~tactically~*~*~ (hiding).
  3216 | D:3      | 3216 ||| Stepping ~*~*~tactically~*~*~ (hiding).
  3373 | D:3      | Found a transporter.
  3641 | D:3      | Reached skill level 5 in Axes
  3886 | D:3      | Found a hide-covered altar of Uskayaw.
  4043 | D:3      | Noticed qw's ghost (amateur FoCA)
  4072 | D:3      | 4072 ||| READING scroll labelled JAN TOHAHO.
  4073 | D:3      | 4073 ||| READING scroll labelled YPREIZ FIQIMN.
  4074 | D:3      | 4074 ||| READING scroll labelled HAH EFFEQOECS.
  4163 | D:4      | 4163 ||| Stepping ~*~*~tactically~*~*~ (stealth).
  4167 | D:4      | 4167 ||| INVOKING Berserk.
  4172 | D:4      | Reached XP level 5. HP: 33/33 MP: 5/5
  4180 | D:4      | 4180 ||| Stepping ~*~*~tactically~*~*~ (stealth).
  4293 | D:4      | 4293 ||| Stepping ~*~*~tactically~*~*~ (stealth).
  4695 | D:4      | 4695 ||| INVOKING Berserk.
  4701 | D:4      | HP: 4/49 [iguana (10)]
  4984 | D:4      | Noticed a kobold brigand
  5003 | D:4      | Reached XP level 6. HP: 35/38 MP: 6/6
  5023 | D:4      | 5023 ||| READING scroll labelled ENI IP WET UHE.
  5024 | D:4      | 5024 ||| READING scroll labelled ZIJEOK YGAG.
  5025 | D:4      | 5025 ||| READING scroll labelled TAILOH EDEDIYK.
  5056 | D:4      | 5056 ||| DRINKING 2 viscous orange potions.
  5057 | D:4      | 5057 ||| READING 2 scrolls of teleportation.
  5103 | D:4      | 5103 ||| READING scroll of teleportation.
  5161 | D:4      | Reached skill level 6 in Axes
  5299 | D:4      | 5299 ||| Stepping randomly (stuck).
  5300 | D:4      | 5300 ||| Stepping randomly (stuck).
  5301 | D:4      | 5301 ||| Stepping randomly (stuck).
  5302 | D:4      | 5302 ||| Stepping randomly (stuck).
  5303 | D:4      | 5303 ||| Stepping randomly (stuck).
  5304 | D:4      | 5304 ||| Stepping randomly (stuck).
  5305 | D:4      | 5305 ||| Stepping randomly (stuck).
  5306 | D:4      | 5306 ||| Stepping randomly (stuck).
  5307 | D:4      | 5307 ||| Stepping randomly (stuck).
  5309 | D:4      | 5309 ||| Stepping randomly (stuck).
  5311 | D:4      | 5311 ||| Stepping randomly (stuck).
  5312 | D:4      | 5312 ||| Stepping randomly (stuck).
  5313 | D:4      | 5313 ||| Stepping randomly (stuck).
  5314 | D:4      | 5314 ||| Stepping randomly (stuck).
  5316 | D:4      | 5316 ||| Stepping randomly (stuck).
  5317 | D:4      | 5317 ||| Stepping randomly (stuck).
  5318 | D:4      | 5318 ||| Stepping randomly (stuck).
  5320 | D:4      | 5320 ||| Stepping randomly (stuck).
  5322 | D:4      | 5322 ||| Stepping randomly (stuck).
  5323 | D:4      | 5323 ||| Stepping randomly (stuck).
  5324 | D:4      | 5324 ||| Stepping randomly (stuck).
  5326 | D:4      | 5326 ||| Stepping randomly (stuck).
  5328 | D:4      | 5328 ||| Stepping randomly (stuck).
  5330 | D:4      | 5330 ||| Stepping randomly (stuck).
  5332 | D:4      | 5332 ||| Stepping randomly (stuck).
  5333 | D:4      | 5333 ||| Stepping randomly (stuck).
  5335 | D:4      | 5335 ||| Stepping randomly (stuck).
  5336 | D:4      | 5336 ||| Stepping randomly (stuck).
  5338 | D:4      | 5338 ||| Stepping randomly (stuck).
  5339 | D:4      | 5339 ||| Stepping randomly (stuck).
  5341 | D:4      | 5341 ||| Stepping randomly (stuck).
  5343 | D:4      | 5343 ||| Stepping randomly (stuck).
  5344 | D:4      | 5344 ||| Stepping randomly (stuck).
  5346 | D:4      | 5346 ||| Stepping randomly (stuck).
  5348 | D:4      | 5348 ||| Stepping randomly (stuck).
  5350 | D:4      | 5350 ||| Stepping randomly (stuck).
  5352 | D:4      | 5352 ||| Stepping randomly (stuck).
  5353 | D:4      | 5353 ||| Stepping randomly (stuck).
  5355 | D:4      | 5355 ||| Stepping randomly (stuck).
  5356 | D:4      | 5356 ||| Stepping randomly (stuck).
  5357 | D:4      | 5357 ||| Stepping randomly (stuck).
  5358 | D:4      | 5358 ||| Stepping randomly (stuck).
  5359 | D:4      | 5359 ||| Stepping randomly (stuck).
  5361 | D:4      | 5361 ||| Stepping randomly (stuck).
  5363 | D:4      | 5363 ||| Stepping randomly (stuck).
  5364 | D:4      | 5364 ||| Stepping randomly (stuck).
  5366 | D:4      | 5366 ||| Stepping randomly (stuck).
  5368 | D:4      | 5368 ||| Stepping randomly (stuck).
  5370 | D:4      | 5370 ||| Stepping randomly (stuck).
  5372 | D:4      | 5372 ||| Stepping randomly (stuck).
  5374 | D:4      | 5374 ||| Stepping randomly (stuck).
  5376 | D:4      | 5376 ||| Stepping randomly (stuck).
  5378 | D:4      | 5378 ||| Stepping randomly (stuck).
  5380 | D:4      | 5380 ||| Stepping randomly (stuck).
  5381 | D:4      | 5381 ||| Stepping randomly (stuck).
  5382 | D:4      | 5382 ||| Stepping randomly (stuck).
  5384 | D:4      | 5384 ||| Stepping randomly (stuck).
  5385 | D:4      | 5385 ||| Stepping randomly (stuck).
  5387 | D:4      | 5387 ||| Stepping randomly (stuck).
  5388 | D:4      | 5388 ||| Stepping randomly (stuck).
  5389 | D:4      | 5389 ||| Stepping randomly (stuck).
  5391 | D:4      | 5391 ||| Stepping randomly (stuck).
  5392 | D:4      | 5392 ||| Stepping randomly (stuck).
  5394 | D:4      | 5394 ||| Stepping randomly (stuck).
  5396 | D:4      | 5396 ||| Stepping randomly (stuck).
  5397 | D:4      | 5397 ||| Stepping randomly (stuck).
  5398 | D:4      | 5398 ||| Stepping randomly (stuck).
  5399 | D:4      | 5399 ||| Stepping randomly (stuck).
  5400 | D:4      | 5400 ||| Stepping randomly (stuck).
  5401 | D:4      | 5401 ||| Stepping randomly (stuck).
  5403 | D:4      | 5403 ||| Stepping randomly (stuck).
  5404 | D:4      | 5404 ||| Stepping randomly (stuck).
  5405 | D:4      | 5405 ||| Stepping randomly (stuck).
  5407 | D:4      | 5407 ||| Stepping randomly (stuck).
  5408 | D:4      | 5408 ||| Stepping randomly (stuck).
  5410 | D:4      | 5410 ||| Stepping randomly (stuck).
  5412 | D:4      | 5412 ||| Stepping randomly (stuck).
  5414 | D:4      | 5414 ||| Stepping randomly (stuck).
  5415 | D:4      | 5415 ||| Stepping randomly (stuck).
  5416 | D:4      | 5416 ||| Stepping randomly (stuck).
  5418 | D:4      | 5418 ||| Stepping randomly (stuck).
  5420 | D:4      | 5420 ||| Stepping randomly (stuck).
  5422 | D:4      | 5422 ||| Stepping randomly (stuck).
  5424 | D:4      | 5424 ||| Stepping randomly (stuck).
  5425 | D:4      | 5425 ||| Stepping randomly (stuck).
  5427 | D:4      | 5427 ||| Stepping randomly (stuck).
  5429 | D:4      | 5429 ||| Stepping randomly (stuck).
  5430 | D:4      | 5430 ||| Stepping randomly (stuck).
  5431 | D:4      | 5431 ||| Stepping randomly (stuck).
  5432 | D:4      | 5432 ||| Stepping randomly (stuck).
  5433 | D:4      | 5433 ||| Stepping randomly (stuck).
  5435 | D:4      | 5435 ||| Stepping randomly (stuck).
  5436 | D:4      | 5436 ||| Stepping randomly (stuck).
  5438 | D:4      | 5438 ||| Stepping randomly (stuck).
  5439 | D:4      | 5439 ||| Stepping randomly (stuck).
  5441 | D:4      | 5441 ||| Stepping randomly (stuck).
  5442 | D:4      | 5442 ||| Stepping randomly (stuck).
  5443 | D:4      | 5443 ||| Stepping randomly (stuck).
  5445 | D:4      | 5445 ||| Stepping randomly (stuck).
  5447 | D:4      | 5447 ||| Stepping randomly (stuck).
  5449 | D:4      | 5449 ||| Stepping randomly (stuck).
  5451 | D:4      | 5451 ||| Stepping randomly (stuck).
  5453 | D:4      | 5453 ||| Stepping randomly (stuck).
  5455 | D:4      | 5455 ||| Stepping randomly (stuck).
  5456 | D:4      | 5456 ||| Stepping randomly (stuck).
  5457 | D:4      | 5457 ||| Stepping randomly (stuck).
  5458 | D:4      | 5458 ||| Stepping randomly (stuck).
  5459 | D:4      | 5459 ||| Stepping randomly (stuck).
  5461 | D:4      | 5461 ||| Stepping randomly (stuck).
  5462 | D:4      | 5462 ||| Stepping randomly (stuck).
  5464 | D:4      | 5464 ||| Stepping randomly (stuck).
  5466 | D:4      | 5466 ||| Stepping randomly (stuck).
  5468 | D:4      | 5468 ||| Stepping randomly (stuck).
  5469 | D:4      | 5469 ||| Stepping randomly (stuck).
  5470 | D:4      | 5470 ||| Stepping randomly (stuck).
  5472 | D:4      | 5472 ||| Stepping randomly (stuck).
  5473 | D:4      | 5473 ||| Stepping randomly (stuck).
  5475 | D:4      | 5475 ||| Stepping randomly (stuck).
  5476 | D:4      | 5476 ||| Stepping randomly (stuck).
  5477 | D:4      | 5477 ||| Stepping randomly (stuck).
  5478 | D:4      | 5478 ||| Stepping randomly (stuck).
  5479 | D:4      | 5479 ||| Stepping randomly (stuck).
  5480 | D:4      | 5480 ||| Stepping randomly (stuck).
  5482 | D:4      | 5482 ||| Stepping randomly (stuck).
  5483 | D:4      | 5483 ||| Stepping randomly (stuck).
  5484 | D:4      | 5484 ||| Stepping randomly (stuck).
  5486 | D:4      | 5486 ||| Stepping randomly (stuck).
  5488 | D:4      | 5488 ||| Stepping randomly (stuck).
  5490 | D:4      | 5490 ||| Stepping randomly (stuck).
  5491 | D:4      | 5491 ||| Stepping randomly (stuck).
  5493 | D:4      | 5493 ||| Stepping randomly (stuck).
  5495 | D:4      | 5495 ||| Stepping randomly (stuck).
  5497 | D:4      | 5497 ||| Stepping randomly (stuck).
  5499 | D:4      | 5499 ||| Stepping randomly (stuck).
  5501 | D:4      | 5501 ||| Stepping randomly (stuck).
  5503 | D:4      | 5503 ||| Stepping randomly (stuck).
  5504 | D:4      | 5504 ||| Stepping randomly (stuck).
  5506 | D:4      | 5506 ||| Stepping randomly (stuck).
  5508 | D:4      | 5508 ||| Stepping randomly (stuck).
  5510 | D:4      | 5510 ||| Stepping randomly (stuck).
  5511 | D:4      | 5511 ||| Stepping randomly (stuck).
  5512 | D:4      | 5512 ||| Stepping randomly (stuck).
  5514 | D:4      | 5514 ||| Stepping randomly (stuck).
  5516 | D:4      | 5516 ||| Stepping randomly (stuck).
  5518 | D:4      | 5518 ||| Stepping randomly (stuck).
  5520 | D:4      | 5520 ||| Stepping randomly (stuck).
  5522 | D:4      | 5522 ||| Stepping randomly (stuck).
  5523 | D:4      | 5523 ||| Stepping randomly (stuck).
  5525 | D:4      | 5525 ||| Stepping randomly (stuck).
  5527 | D:4      | 5527 ||| Stepping randomly (stuck).
  5528 | D:4      | 5528 ||| Stepping randomly (stuck).
  5530 | D:4      | 5530 ||| Stepping randomly (stuck).
  5531 | D:4      | 5531 ||| Stepping randomly (stuck).
  5533 | D:4      | 5533 ||| Stepping randomly (stuck).
  5534 | D:4      | 5534 ||| Stepping randomly (stuck).
  5535 | D:4      | 5535 ||| Stepping randomly (stuck).
  5536 | D:4      | 5536 ||| Stepping randomly (stuck).
  5537 | D:4      | 5537 ||| Stepping randomly (stuck).
  5539 | D:4      | 5539 ||| Stepping randomly (stuck).
  5541 | D:4      | 5541 ||| Stepping randomly (stuck).
  5542 | D:4      | 5542 ||| Stepping randomly (stuck).
  5543 | D:4      | 5543 ||| Stepping randomly (stuck).
  5545 | D:4      | 5545 ||| Stepping randomly (stuck).
  5546 | D:4      | 5546 ||| Stepping randomly (stuck).
  5547 | D:4      | 5547 ||| Stepping randomly (stuck).
  5548 | D:4      | 5548 ||| Stepping randomly (stuck).
  5549 | D:4      | 5549 ||| Stepping randomly (stuck).
  5551 | D:4      | 5551 ||| Stepping randomly (stuck).
  5552 | D:4      | 5552 ||| Stepping randomly (stuck).
  5554 | D:4      | 5554 ||| Stepping randomly (stuck).
  5555 | D:4      | 5555 ||| Stepping randomly (stuck).
  5556 | D:4      | 5556 ||| Stepping randomly (stuck).
  5557 | D:4      | 5557 ||| Stepping randomly (stuck).
  5559 | D:4      | 5559 ||| Stepping randomly (stuck).
  5561 | D:4      | 5561 ||| Stepping randomly (stuck).
  5562 | D:4      | 5562 ||| Stepping randomly (stuck).
  5563 | D:4      | 5563 ||| Stepping randomly (stuck).
  5565 | D:4      | 5565 ||| Stepping randomly (stuck).
  5566 | D:4      | 5566 ||| Stepping randomly (stuck).
  5567 | D:4      | 5567 ||| Stepping randomly (stuck).
  5568 | D:4      | 5568 ||| Stepping randomly (stuck).
  5570 | D:4      | 5570 ||| Stepping randomly (stuck).
  5572 | D:4      | 5572 ||| Stepping randomly (stuck).
  5574 | D:4      | 5574 ||| Stepping randomly (stuck).
  5576 | D:4      | 5576 ||| Stepping randomly (stuck).
  5577 | D:4      | 5577 ||| Stepping randomly (stuck).
  5579 | D:4      | 5579 ||| Stepping randomly (stuck).
  5580 | D:4      | 5580 ||| Stepping randomly (stuck).
  5582 | D:4      | 5582 ||| Stepping randomly (stuck).
  5583 | D:4      | 5583 ||| Stepping randomly (stuck).
  5585 | D:4      | 5585 ||| Stepping randomly (stuck).
  5587 | D:4      | 5587 ||| Stepping randomly (stuck).
  5589 | D:4      | 5589 ||| Stepping randomly (stuck).
  5590 | D:4      | 5590 ||| Stepping randomly (stuck).
  5592 | D:4      | 5592 ||| Stepping randomly (stuck).
  5594 | D:4      | 5594 ||| Stepping randomly (stuck).
  5596 | D:4      | 5596 ||| Stepping randomly (stuck).
  5597 | D:4      | 5597 ||| Stepping randomly (stuck).
  5599 | D:4      | 5599 ||| Stepping randomly (stuck).
  5601 | D:4      | 5601 ||| Stepping randomly (stuck).
  5602 | D:4      | 5602 ||| Stepping randomly (stuck).
  5604 | D:4      | 5604 ||| Stepping randomly (stuck).
  5605 | D:4      | 5605 ||| Stepping randomly (stuck).
  5607 | D:4      | 5607 ||| Stepping randomly (stuck).
  5609 | D:4      | 5609 ||| Stepping randomly (stuck).
  5610 | D:4      | 5610 ||| Stepping randomly (stuck).
  5612 | D:4      | 5612 ||| Stepping randomly (stuck).
  5614 | D:4      | 5614 ||| Stepping randomly (stuck).
  5615 | D:4      | 5615 ||| Stepping randomly (stuck).
  5617 | D:4      | 5617 ||| Stepping randomly (stuck).
  5619 | D:4      | 5619 ||| Stepping randomly (stuck).
  5621 | D:4      | 5621 ||| Stepping randomly (stuck).
  5622 | D:4      | 5622 ||| Stepping randomly (stuck).
  5623 | D:4      | 5623 ||| Stepping randomly (stuck).
  5625 | D:4      | 5625 ||| Stepping randomly (stuck).
  5626 | D:4      | 5626 ||| Stepping randomly (stuck).
  5627 | D:4      | 5627 ||| Stepping randomly (stuck).
  5628 | D:4      | 5628 ||| Stepping randomly (stuck).
  5629 | D:4      | 5629 ||| Stepping randomly (stuck).
  5630 | D:4      | 5630 ||| Stepping randomly (stuck).
  5632 | D:4      | 5632 ||| Stepping randomly (stuck).
  5633 | D:4      | 5633 ||| Stepping randomly (stuck).
  5635 | D:4      | 5635 ||| Stepping randomly (stuck).
  5636 | D:4      | 5636 ||| Stepping randomly (stuck).
  5638 | D:4      | 5638 ||| Stepping randomly (stuck).
  5640 | D:4      | 5640 ||| Stepping randomly (stuck).
  5641 | D:4      | 5641 ||| Stepping randomly (stuck).
  5643 | D:4      | 5643 ||| Stepping randomly (stuck).
  5644 | D:4      | 5644 ||| Stepping randomly (stuck).
  5646 | D:4      | 5646 ||| Stepping randomly (stuck).
  5647 | D:4      | 5647 ||| Stepping randomly (stuck).
  5648 | D:4      | 5648 ||| Stepping randomly (stuck).
  5650 | D:4      | 5650 ||| Stepping randomly (stuck).
  5652 | D:4      | 5652 ||| Stepping randomly (stuck).
  5653 | D:4      | 5653 ||| Stepping randomly (stuck).
  5655 | D:4      | 5655 ||| Stepping randomly (stuck).
  5656 | D:4      | 5656 ||| Stepping randomly (stuck).
  5658 | D:4      | 5658 ||| Stepping randomly (stuck).
  5660 | D:4      | 5660 ||| Stepping randomly (stuck).
  5662 | D:4      | 5662 ||| Stepping randomly (stuck).
  5663 | D:4      | 5663 ||| Stepping randomly (stuck).
  5665 | D:4      | 5665 ||| Stepping randomly (stuck).
  5667 | D:4      | 5667 ||| Stepping randomly (stuck).
  5669 | D:4      | 5669 ||| Stepping randomly (stuck).
  5671 | D:4      | 5671 ||| Stepping randomly (stuck).
  5672 | D:4      | 5672 ||| Stepping randomly (stuck).
  5674 | D:4      | 5674 ||| Stepping randomly (stuck).
  5676 | D:4      | 5676 ||| Stepping randomly (stuck).
  5678 | D:4      | 5678 ||| Stepping randomly (stuck).
  5680 | D:4      | 5680 ||| Stepping randomly (stuck).
  5681 | D:4      | 5681 ||| Stepping randomly (stuck).
  5682 | D:4      | 5682 ||| Stepping randomly (stuck).
  5684 | D:4      | 5684 ||| Stepping randomly (stuck).
  5686 | D:4      | 5686 ||| Stepping randomly (stuck).
  5688 | D:4      | 5688 ||| Stepping randomly (stuck).
  5689 | D:4      | 5689 ||| Stepping randomly (stuck).
  5691 | D:4      | 5691 ||| Stepping randomly (stuck).
  5693 | D:4      | 5693 ||| Stepping randomly (stuck).
  5695 | D:4      | 5695 ||| Stepping randomly (stuck).
  5697 | D:4      | 5697 ||| Stepping randomly (stuck).
  5698 | D:4      | 5698 ||| Stepping randomly (stuck).
  5700 | D:4      | 5700 ||| Stepping randomly (stuck).
  5701 | D:4      | 5701 ||| Stepping randomly (stuck).
  5703 | D:4      | 5703 ||| Stepping randomly (stuck).
  5704 | D:4      | 5704 ||| Stepping randomly (stuck).
  5705 | D:4      | 5705 ||| Stepping randomly (stuck).
  5707 | D:4      | 5707 ||| Stepping randomly (stuck).
  5709 | D:4      | 5709 ||| Stepping randomly (stuck).
  5711 | D:4      | 5711 ||| Stepping randomly (stuck).
  5713 | D:4      | 5713 ||| Stepping randomly (stuck).
  5714 | D:4      | 5714 ||| Stepping randomly (stuck).
  5716 | D:4      | 5716 ||| Stepping randomly (stuck).
  5717 | D:4      | 5717 ||| Stepping randomly (stuck).
  5718 | D:4      | 5718 ||| Stepping randomly (stuck).
  5720 | D:4      | 5720 ||| Stepping randomly (stuck).
  5721 | D:4      | 5721 ||| Stepping randomly (stuck).
  5723 | D:4      | 5723 ||| Stepping randomly (stuck).
  5724 | D:4      | 5724 ||| Stepping randomly (stuck).
  5726 | D:4      | 5726 ||| Stepping randomly (stuck).
  5727 | D:4      | 5727 ||| Stepping randomly (stuck).
  5728 | D:4      | 5728 ||| Stepping randomly (stuck).
  5730 | D:4      | 5730 ||| Stepping randomly (stuck).
  5732 | D:4      | 5732 ||| Stepping randomly (stuck).
  5733 | D:4      | 5733 ||| Stepping randomly (stuck).
  5734 | D:4      | 5734 ||| Stepping randomly (stuck).
  5735 | D:4      | 5735 ||| Stepping randomly (stuck).
  5736 | D:4      | 5736 ||| Stepping randomly (stuck).
  5737 | D:4      | 5737 ||| Stepping randomly (stuck).
  5739 | D:4      | 5739 ||| Stepping randomly (stuck).
  5741 | D:4      | 5741 ||| Stepping randomly (stuck).
  5743 | D:4      | 5743 ||| Stepping randomly (stuck).
  5745 | D:4      | 5745 ||| Stepping randomly (stuck).
  5746 | D:4      | 5746 ||| Stepping randomly (stuck).
  5748 | D:4      | 5748 ||| Stepping randomly (stuck).
  5750 | D:4      | 5750 ||| Stepping randomly (stuck).
  5751 | D:4      | 5751 ||| Stepping randomly (stuck).
  5753 | D:4      | 5753 ||| Stepping randomly (stuck).
  5755 | D:4      | 5755 ||| Stepping randomly (stuck).
  5756 | D:4      | 5756 ||| Stepping randomly (stuck).
  5757 | D:4      | 5757 ||| Stepping randomly (stuck).
  5758 | D:4      | 5758 ||| Stepping randomly (stuck).
  5759 | D:4      | 5759 ||| Stepping randomly (stuck).
  5761 | D:4      | 5761 ||| Stepping randomly (stuck).
  5763 | D:4      | 5763 ||| Stepping randomly (stuck).
  5765 | D:4      | 5765 ||| Stepping randomly (stuck).
  5767 | D:4      | 5767 ||| Stepping randomly (stuck).
  5769 | D:4      | 5769 ||| Stepping randomly (stuck).
  5771 | D:4      | 5771 ||| Stepping randomly (stuck).
  5772 | D:4      | 5772 ||| Stepping randomly (stuck).
  5773 | D:4      | 5773 ||| Stepping randomly (stuck).
  5774 | D:4      | 5774 ||| Stepping randomly (stuck).
  5775 | D:4      | 5775 ||| Stepping randomly (stuck).
  5776 | D:4      | 5776 ||| Stepping randomly (stuck).
  5777 | D:4      | 5777 ||| Stepping randomly (stuck).
  5778 | D:4      | 5778 ||| Stepping randomly (stuck).
  5779 | D:4      | 5779 ||| Stepping randomly (stuck).
  5781 | D:4      | 5781 ||| Stepping randomly (stuck).
  5782 | D:4      | 5782 ||| Stepping randomly (stuck).
  5784 | D:4      | 5784 ||| Stepping randomly (stuck).
  5785 | D:4      | 5785 ||| Stepping randomly (stuck).
  5787 | D:4      | 5787 ||| Stepping randomly (stuck).
  5789 | D:4      | 5789 ||| Stepping randomly (stuck).
  5790 | D:4      | 5790 ||| Stepping randomly (stuck).
  5792 | D:4      | 5792 ||| Stepping randomly (stuck).
  5794 | D:4      | 5794 ||| Stepping randomly (stuck).
  5795 | D:4      | 5795 ||| Stepping randomly (stuck).
  5796 | D:4      | 5796 ||| Stepping randomly (stuck).
  5797 | D:4      | 5797 ||| Stepping randomly (stuck).
  5799 | D:4      | 5799 ||| Stepping randomly (stuck).
  5801 | D:4      | 5801 ||| Stepping randomly (stuck).
  5803 | D:4      | 5803 ||| Stepping randomly (stuck).
  5804 | D:4      | 5804 ||| Stepping randomly (stuck).
  5805 | D:4      | 5805 ||| Stepping randomly (stuck).
  5807 | D:4      | 5807 ||| Stepping randomly (stuck).
  5809 | D:4      | 5809 ||| Stepping randomly (stuck).
  5810 | D:4      | 5810 ||| Stepping randomly (stuck).
  5811 | D:4      | 5811 ||| Stepping randomly (stuck).
  5813 | D:4      | 5813 ||| Stepping randomly (stuck).
  5815 | D:4      | 5815 ||| Stepping randomly (stuck).
  5816 | D:4      | 5816 ||| Stepping randomly (stuck).
  5818 | D:4      | 5818 ||| Stepping randomly (stuck).
  5819 | D:4      | 5819 ||| Stepping randomly (stuck).
  5821 | D:4      | 5821 ||| Stepping randomly (stuck).
  5822 | D:4      | 5822 ||| Stepping randomly (stuck).
  5824 | D:4      | 5824 ||| Stepping randomly (stuck).
  5825 | D:4      | 5825 ||| Stepping randomly (stuck).
  5827 | D:4      | 5827 ||| Stepping randomly (stuck).
  5829 | D:4      | 5829 ||| Stepping randomly (stuck).
  5830 | D:4      | 5830 ||| Stepping randomly (stuck).
  5831 | D:4      | 5831 ||| Stepping randomly (stuck).
  5833 | D:4      | 5833 ||| Stepping randomly (stuck).
  5835 | D:4      | 5835 ||| Stepping randomly (stuck).
  5836 | D:4      | 5836 ||| Stepping randomly (stuck).
  5838 | D:4      | 5838 ||| Stepping randomly (stuck).
  5839 | D:4      | 5839 ||| Stepping randomly (stuck).
  5841 | D:4      | 5841 ||| Stepping randomly (stuck).
  5843 | D:4      | 5843 ||| Stepping randomly (stuck).
  5845 | D:4      | 5845 ||| Stepping randomly (stuck).
  5846 | D:4      | 5846 ||| Stepping randomly (stuck).
  5848 | D:4      | 5848 ||| Stepping randomly (stuck).
  5850 | D:4      | 5850 ||| Stepping randomly (stuck).
  5852 | D:4      | 5852 ||| Stepping randomly (stuck).
  5853 | D:4      | 5853 ||| Stepping randomly (stuck).
  5854 | D:4      | 5854 ||| Stepping randomly (stuck).
  5855 | D:4      | 5855 ||| Stepping randomly (stuck).
  5857 | D:4      | 5857 ||| Stepping randomly (stuck).
  5859 | D:4      | 5859 ||| Stepping randomly (stuck).
  5860 | D:4      | 5860 ||| Stepping randomly (stuck).
  5861 | D:4      | 5861 ||| Stepping randomly (stuck).
  5863 | D:4      | 5863 ||| Stepping randomly (stuck).
  5865 | D:4      | 5865 ||| Stepping randomly (stuck).
  5866 | D:4      | 5866 ||| Stepping randomly (stuck).
  5868 | D:4      | 5868 ||| Stepping randomly (stuck).
  5869 | D:4      | 5869 ||| Stepping randomly (stuck).
  5871 | D:4      | 5871 ||| Stepping randomly (stuck).
  5873 | D:4      | 5873 ||| Stepping randomly (stuck).
  5875 | D:4      | 5875 ||| Stepping randomly (stuck).
  5876 | D:4      | 5876 ||| Stepping randomly (stuck).
  5877 | D:4      | 5877 ||| Stepping randomly (stuck).
  5878 | D:4      | 5878 ||| Stepping randomly (stuck).
  5880 | D:4      | 5880 ||| Stepping randomly (stuck).
  5882 | D:4      | 5882 ||| Stepping randomly (stuck).
  5883 | D:4      | 5883 ||| Stepping randomly (stuck).
  5884 | D:4      | 5884 ||| Stepping randomly (stuck).
  5885 | D:4      | 5885 ||| Stepping randomly (stuck).
  5886 | D:4      | 5886 ||| Stepping randomly (stuck).
  5888 | D:4      | 5888 ||| Stepping randomly (stuck).
  5890 | D:4      | 5890 ||| Stepping randomly (stuck).
  5891 | D:4      | 5891 ||| Stepping randomly (stuck).
  5893 | D:4      | 5893 ||| Stepping randomly (stuck).
  5895 | D:4      | 5895 ||| Stepping randomly (stuck).
  5896 | D:4      | 5896 ||| Stepping randomly (stuck).
  5897 | D:4      | 5897 ||| Stepping randomly (stuck).
  5898 | D:4      | 5898 ||| Stepping randomly (stuck).
  5899 | D:4      | 5899 ||| Stepping randomly (stuck).
  5900 | D:4      | 5900 ||| Stepping randomly (stuck).
  5901 | D:4      | 5901 ||| Stepping randomly (stuck).
  5903 | D:4      | 5903 ||| Stepping randomly (stuck).
  5904 | D:4      | 5904 ||| Stepping randomly (stuck).
  5906 | D:4      | 5906 ||| Stepping randomly (stuck).
  5907 | D:4      | 5907 ||| Stepping randomly (stuck).
  5909 | D:4      | 5909 ||| Stepping randomly (stuck).
  5911 | D:4      | 5911 ||| Stepping randomly (stuck).
  5912 | D:4      | 5912 ||| Stepping randomly (stuck).
  5913 | D:4      | 5913 ||| Stepping randomly (stuck).
  5914 | D:4      | 5914 ||| Stepping randomly (stuck).
  5915 | D:4      | 5915 ||| Stepping randomly (stuck).
  5917 | D:4      | 5917 ||| Stepping randomly (stuck).
  5918 | D:4      | 5918 ||| Stepping randomly (stuck).
  5919 | D:4      | 5919 ||| Stepping randomly (stuck).
  5920 | D:4      | 5920 ||| Stepping randomly (stuck).
  5921 | D:4      | 5921 ||| Stepping randomly (stuck).
  5923 | D:4      | 5923 ||| Stepping randomly (stuck).
  5924 | D:4      | 5924 ||| Stepping randomly (stuck).
  5926 | D:4      | 5926 ||| Stepping randomly (stuck).
  5927 | D:4      | 5927 ||| Stepping randomly (stuck).
  5928 | D:4      | 5928 ||| Stepping randomly (stuck).
  5929 | D:4      | 5929 ||| Stepping randomly (stuck).
  5930 | D:4      | 5930 ||| Stepping randomly (stuck).
  5932 | D:4      | 5932 ||| Stepping randomly (stuck).
  5933 | D:4      | 5933 ||| Stepping randomly (stuck).
  5935 | D:4      | 5935 ||| Stepping randomly (stuck).
  5937 | D:4      | 5937 ||| Stepping randomly (stuck).
  5938 | D:4      | 5938 ||| Stepping randomly (stuck).
  5940 | D:4      | 5940 ||| Stepping randomly (stuck).
  5941 | D:4      | 5941 ||| Stepping randomly (stuck).
  5943 | D:4      | 5943 ||| Stepping randomly (stuck).
  5945 | D:4      | 5945 ||| Stepping randomly (stuck).
  5946 | D:4      | 5946 ||| Stepping randomly (stuck).
  5947 | D:4      | 5947 ||| Stepping randomly (stuck).
  5949 | D:4      | 5949 ||| Stepping randomly (stuck).
  5950 | D:4      | 5950 ||| Stepping randomly (stuck).
  5952 | D:4      | 5952 ||| Stepping randomly (stuck).
  5954 | D:4      | 5954 ||| Stepping randomly (stuck).
  5956 | D:4      | 5956 ||| Stepping randomly (stuck).
  5958 | D:4      | 5958 ||| Stepping randomly (stuck).
  5959 | D:4      | 5959 ||| Stepping randomly (stuck).
  5960 | D:4      | 5960 ||| Stepping randomly (stuck).
  5961 | D:4      | 5961 ||| Stepping randomly (stuck).
  5962 | D:4      | 5962 ||| Stepping randomly (stuck).
  5963 | D:4      | 5963 ||| Stepping randomly (stuck).
  5964 | D:4      | 5964 ||| Stepping randomly (stuck).
  5965 | D:4      | 5965 ||| Stepping randomly (stuck).
  5966 | D:4      | 5966 ||| Stepping randomly (stuck).
  5967 | D:4      | 5967 ||| Stepping randomly (stuck).
  5969 | D:4      | 5969 ||| Stepping randomly (stuck).
  5971 | D:4      | 5971 ||| Stepping randomly (stuck).
  5973 | D:4      | 5973 ||| Stepping randomly (stuck).
  5974 | D:4      | 5974 ||| Stepping randomly (stuck).
  5976 | D:4      | 5976 ||| Stepping randomly (stuck).
  5978 | D:4      | 5978 ||| Stepping randomly (stuck).
  5979 | D:4      | 5979 ||| Stepping randomly (stuck).
  5981 | D:4      | 5981 ||| Stepping randomly (stuck).
  5982 | D:4      | 5982 ||| Stepping randomly (stuck).
  5984 | D:4      | 5984 ||| Stepping randomly (stuck).
  5986 | D:4      | 5986 ||| Stepping randomly (stuck).
  5987 | D:4      | 5987 ||| Stepping randomly (stuck).
  5988 | D:4      | 5988 ||| Stepping randomly (stuck).
  5990 | D:4      | 5990 ||| Stepping randomly (stuck).
  5991 | D:4      | 5991 ||| Stepping randomly (stuck).
  5993 | D:4      | 5993 ||| Stepping randomly (stuck).
  5995 | D:4      | 5995 ||| Stepping randomly (stuck).
  5996 | D:4      | 5996 ||| Stepping randomly (stuck).
  5997 | D:4      | 5997 ||| Stepping randomly (stuck).
  5998 | D:4      | 5998 ||| Stepping randomly (stuck).
  5999 | D:4      | 5999 ||| Stepping randomly (stuck).
  6000 | D:4      | 6000 ||| Stepping randomly (stuck).
  6002 | D:4      | 6002 ||| Stepping randomly (stuck).
  6004 | D:4      | 6004 ||| Stepping randomly (stuck).
  6006 | D:4      | 6006 ||| Stepping randomly (stuck).
  6007 | D:4      | 6007 ||| Stepping randomly (stuck).
  6008 | D:4      | 6008 ||| Stepping randomly (stuck).
  6009 | D:4      | 6009 ||| Stepping randomly (stuck).
  6011 | D:4      | 6011 ||| Stepping randomly (stuck).
  6012 | D:4      | 6012 ||| Stepping randomly (stuck).
  6013 | D:4      | 6013 ||| Stepping randomly (stuck).
  6014 | D:4      | 6014 ||| Stepping randomly (stuck).
  6015 | D:4      | 6015 ||| Stepping randomly (stuck).
  6017 | D:4      | 6017 ||| Stepping randomly (stuck).
  6018 | D:4      | 6018 ||| Stepping randomly (stuck).
  6019 | D:4      | 6019 ||| Stepping randomly (stuck).
  6021 | D:4      | 6021 ||| Stepping randomly (stuck).
  6023 | D:4      | 6023 ||| Stepping randomly (stuck).
  6025 | D:4      | 6025 ||| Stepping randomly (stuck).
  6026 | D:4      | 6026 ||| Stepping randomly (stuck).
  6028 | D:4      | 6028 ||| Stepping randomly (stuck).
  6030 | D:4      | 6030 ||| Stepping randomly (stuck).
  6032 | D:4      | 6032 ||| Stepping randomly (stuck).
  6034 | D:4      | 6034 ||| Stepping randomly (stuck).
  6036 | D:4      | 6036 ||| Stepping randomly (stuck).
  6037 | D:4      | 6037 ||| Stepping randomly (stuck).
  6038 | D:4      | 6038 ||| Stepping randomly (stuck).
  6039 | D:4      | 6039 ||| Stepping randomly (stuck).
  6041 | D:4      | 6041 ||| Stepping randomly (stuck).
  6042 | D:4      | 6042 ||| Stepping randomly (stuck).
  6044 | D:4      | 6044 ||| Stepping randomly (stuck).
  6045 | D:4      | 6045 ||| Stepping randomly (stuck).
  6047 | D:4      | 6047 ||| Stepping randomly (stuck).
  6049 | D:4      | 6049 ||| Stepping randomly (stuck).
  6050 | D:4      | 6050 ||| Stepping randomly (stuck).
  6052 | D:4      | 6052 ||| Stepping randomly (stuck).
  6053 | D:4      | 6053 ||| Stepping randomly (stuck).
  6055 | D:4      | 6055 ||| Stepping randomly (stuck).
  6057 | D:4      | 6057 ||| Stepping randomly (stuck).
  6059 | D:4      | 6059 ||| Stepping randomly (stuck).
  6060 | D:4      | 6060 ||| Stepping randomly (stuck).
  6062 | D:4      | 6062 ||| Stepping randomly (stuck).
  6064 | D:4      | 6064 ||| Stepping randomly (stuck).
  6066 | D:4      | 6066 ||| Stepping randomly (stuck).
  6067 | D:4      | 6067 ||| Stepping randomly (stuck).
  6069 | D:4      | 6069 ||| Stepping randomly (stuck).
  6070 | D:4      | 6070 ||| Stepping randomly (stuck).
  6071 | D:4      | 6071 ||| Stepping randomly (stuck).
  6073 | D:4      | 6073 ||| Stepping randomly (stuck).
  6075 | D:4      | 6075 ||| Stepping randomly (stuck).
  6076 | D:4      | 6076 ||| Stepping randomly (stuck).
  6078 | D:4      | 6078 ||| Stepping randomly (stuck).
  6079 | D:4      | 6079 ||| Stepping randomly (stuck).
  6080 | D:4      | 6080 ||| Stepping randomly (stuck).
  6081 | D:4      | 6081 ||| Stepping randomly (stuck).
  6082 | D:4      | 6082 ||| Stepping randomly (stuck).
  6083 | D:4      | 6083 ||| Stepping randomly (stuck).
  6084 | D:4      | 6084 ||| Stepping randomly (stuck).
  6085 | D:4      | 6085 ||| Stepping randomly (stuck).
  6087 | D:4      | 6087 ||| Stepping randomly (stuck).
  6089 | D:4      | 6089 ||| Stepping randomly (stuck).
  6091 | D:4      | 6091 ||| Stepping randomly (stuck).
  6092 | D:4      | 6092 ||| Stepping randomly (stuck).
  6093 | D:4      | 6093 ||| Stepping randomly (stuck).
  6094 | D:4      | 6094 ||| Stepping randomly (stuck).
  6095 | D:4      | 6095 ||| Stepping randomly (stuck).
  6096 | D:4      | 6096 ||| Stepping randomly (stuck).
  6098 | D:4      | 6098 ||| Stepping randomly (stuck).
  6099 | D:4      | 6099 ||| Stepping randomly (stuck).
  6100 | D:4      | 6100 ||| Stepping randomly (stuck).
  6101 | D:4      | 6101 ||| Stepping randomly (stuck).
  6102 | D:4      | 6102 ||| Stepping randomly (stuck).
  6103 | D:4      | 6103 ||| Stepping randomly (stuck).
  6105 | D:4      | 6105 ||| Stepping randomly (stuck).
  6107 | D:4      | 6107 ||| Stepping randomly (stuck).
  6109 | D:4      | 6109 ||| Stepping randomly (stuck).
  6110 | D:4      | 6110 ||| Stepping randomly (stuck).
  6111 | D:4      | 6111 ||| Stepping randomly (stuck).
  6112 | D:4      | 6112 ||| Stepping randomly (stuck).
  6114 | D:4      | 6114 ||| Stepping randomly (stuck).
  6115 | D:4      | 6115 ||| Stepping randomly (stuck).
  6117 | D:4      | 6117 ||| Stepping randomly (stuck).
  6119 | D:4      | 6119 ||| Stepping randomly (stuck).
  6121 | D:4      | 6121 ||| Stepping randomly (stuck).
  6122 | D:4      | 6122 ||| Stepping randomly (stuck).
  6123 | D:4      | 6123 ||| Stepping randomly (stuck).
  6124 | D:4      | 6124 ||| Stepping randomly (stuck).
  6126 | D:4      | 6126 ||| Stepping randomly (stuck).
  6128 | D:4      | 6128 ||| Stepping randomly (stuck).
  6129 | D:4      | 6129 ||| Stepping randomly (stuck).
  6130 | D:4      | 6130 ||| Stepping randomly (stuck).
  6131 | D:4      | 6131 ||| Stepping randomly (stuck).
  6133 | D:4      | 6133 ||| Stepping randomly (stuck).
  6135 | D:4      | 6135 ||| Stepping randomly (stuck).
  6137 | D:4      | 6137 ||| Stepping randomly (stuck).
  6138 | D:4      | 6138 ||| Stepping randomly (stuck).
  6140 | D:4      | 6140 ||| Stepping randomly (stuck).
  6142 | D:4      | 6142 ||| Stepping randomly (stuck).
  6144 | D:4      | 6144 ||| Stepping randomly (stuck).
  6146 | D:4      | 6146 ||| Stepping randomly (stuck).
  6148 | D:4      | 6148 ||| Stepping randomly (stuck).
  6150 | D:4      | 6150 ||| Stepping randomly (stuck).
  6152 | D:4      | 6152 ||| Stepping randomly (stuck).
  6154 | D:4      | 6154 ||| Stepping randomly (stuck).
  6155 | D:4      | 6155 ||| Stepping randomly (stuck).
  6157 | D:4      | 6157 ||| Stepping randomly (stuck).
  6158 | D:4      | 6158 ||| Stepping randomly (stuck).
  6160 | D:4      | 6160 ||| Stepping randomly (stuck).
  6162 | D:4      | 6162 ||| Stepping randomly (stuck).
  6164 | D:4      | 6164 ||| Stepping randomly (stuck).
  6166 | D:4      | 6166 ||| Stepping randomly (stuck).
  6168 | D:4      | 6168 ||| Stepping randomly (stuck).
  6170 | D:4      | 6170 ||| Stepping randomly (stuck).
  6171 | D:4      | 6171 ||| Stepping randomly (stuck).
  6172 | D:4      | 6172 ||| Stepping randomly (stuck).
  6174 | D:4      | 6174 ||| Stepping randomly (stuck).
  6176 | D:4      | 6176 ||| Stepping randomly (stuck).
  6178 | D:4      | 6178 ||| Stepping randomly (stuck).
  6179 | D:4      | 6179 ||| Stepping randomly (stuck).
  6181 | D:4      | 6181 ||| Stepping randomly (stuck).
  6183 | D:4      | 6183 ||| Stepping randomly (stuck).
  6185 | D:4      | 6185 ||| Stepping randomly (stuck).
  6187 | D:4      | 6187 ||| Stepping randomly (stuck).
  6189 | D:4      | 6189 ||| Stepping randomly (stuck).
  6190 | D:4      | 6190 ||| Stepping randomly (stuck).
  6192 | D:4      | 6192 ||| Stepping randomly (stuck).
  6194 | D:4      | 6194 ||| Stepping randomly (stuck).
  6195 | D:4      | 6195 ||| Stepping randomly (stuck).
  6197 | D:4      | 6197 ||| Stepping randomly (stuck).
  6199 | D:4      | 6199 ||| Stepping randomly (stuck).
  6201 | D:4      | 6201 ||| Stepping randomly (stuck).
  6202 | D:4      | 6202 ||| Stepping randomly (stuck).
  6204 | D:4      | 6204 ||| Stepping randomly (stuck).
  6206 | D:4      | 6206 ||| Stepping randomly (stuck).
  6207 | D:4      | 6207 ||| Stepping randomly (stuck).
  6209 | D:4      | 6209 ||| Stepping randomly (stuck).
  6210 | D:4      | 6210 ||| Stepping randomly (stuck).
  6211 | D:4      | 6211 ||| Stepping randomly (stuck).
  6212 | D:4      | 6212 ||| Stepping randomly (stuck).
  6213 | D:4      | 6213 ||| Stepping randomly (stuck).
  6215 | D:4      | 6215 ||| Stepping randomly (stuck).
  6216 | D:4      | 6216 ||| Stepping randomly (stuck).
  6217 | D:4      | 6217 ||| Stepping randomly (stuck).
  6218 | D:4      | 6218 ||| Stepping randomly (stuck).
  6220 | D:4      | 6220 ||| Stepping randomly (stuck).
  6221 | D:4      | 6221 ||| Stepping randomly (stuck).
  6222 | D:4      | 6222 ||| Stepping randomly (stuck).
  6224 | D:4      | 6224 ||| Stepping randomly (stuck).
  6225 | D:4      | 6225 ||| Stepping randomly (stuck).
  6226 | D:4      | 6226 ||| Stepping randomly (stuck).
  6228 | D:4      | 6228 ||| Stepping randomly (stuck).
  6230 | D:4      | 6230 ||| Stepping randomly (stuck).
  6231 | D:4      | 6231 ||| Stepping randomly (stuck).
  6232 | D:4      | 6232 ||| Stepping randomly (stuck).
  6233 | D:4      | 6233 ||| Stepping randomly (stuck).
  6235 | D:4      | 6235 ||| Stepping randomly (stuck).
  6236 | D:4      | 6236 ||| Stepping randomly (stuck).
  6238 | D:4      | 6238 ||| Stepping randomly (stuck).
  6239 | D:4      | 6239 ||| Stepping randomly (stuck).
  6241 | D:4      | 6241 ||| Stepping randomly (stuck).
  6242 | D:4      | 6242 ||| Stepping randomly (stuck).
  6243 | D:4      | 6243 ||| Stepping randomly (stuck).
  6245 | D:4      | 6245 ||| Stepping randomly (stuck).
  6246 | D:4      | 6246 ||| Stepping randomly (stuck).
  6248 | D:4      | 6248 ||| Stepping randomly (stuck).
  6250 | D:4      | 6250 ||| Stepping randomly (stuck).
  6251 | D:4      | 6251 ||| Stepping randomly (stuck).
  6253 | D:4      | 6253 ||| Stepping randomly (stuck).
  6255 | D:4      | 6255 ||| Stepping randomly (stuck).
  6256 | D:4      | 6256 ||| Stepping randomly (stuck).
  6257 | D:4      | 6257 ||| Stepping randomly (stuck).
  6258 | D:4      | 6258 ||| Stepping randomly (stuck).
  6259 | D:4      | 6259 ||| Stepping randomly (stuck).
  6260 | D:4      | 6260 ||| Stepping randomly (stuck).
  6261 | D:4      | 6261 ||| Stepping randomly (stuck).
  6263 | D:4      | 6263 ||| Stepping randomly (stuck).
  6265 | D:4      | 6265 ||| Stepping randomly (stuck).
  6267 | D:4      | 6267 ||| Stepping randomly (stuck).
  6268 | D:4      | 6268 ||| Stepping randomly (stuck).
  6270 | D:4      | 6270 ||| Stepping randomly (stuck).
  6272 | D:4      | 6272 ||| Stepping randomly (stuck).
  6273 | D:4      | 6273 ||| Stepping randomly (stuck).
  6275 | D:4      | 6275 ||| Stepping randomly (stuck).
  6276 | D:4      | 6276 ||| Stepping randomly (stuck).
  6277 | D:4      | 6277 ||| Stepping randomly (stuck).
  6279 | D:4      | 6279 ||| Stepping randomly (stuck).
  6281 | D:4      | 6281 ||| Stepping randomly (stuck).
  6282 | D:4      | 6282 ||| Stepping randomly (stuck).
  6284 | D:4      | 6284 ||| Stepping randomly (stuck).
  6286 | D:4      | 6286 ||| Stepping randomly (stuck).
  6287 | D:4      | 6287 ||| Stepping randomly (stuck).
  6288 | D:4      | 6288 ||| Stepping randomly (stuck).
  6289 | D:4      | 6289 ||| Stepping randomly (stuck).
  6290 | D:4      | 6290 ||| Stepping randomly (stuck).
  6291 | D:4      | 6291 ||| Stepping randomly (stuck).
  6293 | D:4      | 6293 ||| Stepping randomly (stuck).
  6295 | D:4      | 6295 ||| Stepping randomly (stuck).
  6297 | D:4      | 6297 ||| Stepping randomly (stuck).
  6299 | D:4      | 6299 ||| Stepping randomly (stuck).
  6300 | D:4      | 6300 ||| Stepping randomly (stuck).
  6302 | D:4      | 6302 ||| Stepping randomly (stuck).
  6304 | D:4      | 6304 ||| Stepping randomly (stuck).
  6306 | D:4      | 6306 ||| Stepping randomly (stuck).
  6308 | D:4      | 6308 ||| Stepping randomly (stuck).
  6310 | D:4      | 6310 ||| Stepping randomly (stuck).
  6311 | D:4      | 6311 ||| Stepping randomly (stuck).
  6313 | D:4      | 6313 ||| Stepping randomly (stuck).
  6314 | D:4      | 6314 ||| Stepping randomly (stuck).
  6316 | D:4      | 6316 ||| Stepping randomly (stuck).
  6318 | D:4      | 6318 ||| Stepping randomly (stuck).
  6319 | D:4      | 6319 ||| Stepping randomly (stuck).
  6320 | D:4      | 6320 ||| Stepping randomly (stuck).
  6322 | D:4      | 6322 ||| Stepping randomly (stuck).
  6324 | D:4      | 6324 ||| Stepping randomly (stuck).
  6325 | D:4      | 6325 ||| Stepping randomly (stuck).
  6326 | D:4      | 6326 ||| Stepping randomly (stuck).
  6327 | D:4      | 6327 ||| Stepping randomly (stuck).
  6329 | D:4      | 6329 ||| Stepping randomly (stuck).
  6331 | D:4      | 6331 ||| Stepping randomly (stuck).
  6333 | D:4      | 6333 ||| Stepping randomly (stuck).
  6335 | D:4      | 6335 ||| Stepping randomly (stuck).
  6337 | D:4      | 6337 ||| Stepping randomly (stuck).
  6338 | D:4      | 6338 ||| Stepping randomly (stuck).
  6339 | D:4      | 6339 ||| Stepping randomly (stuck).
  6340 | D:4      | 6340 ||| Stepping randomly (stuck).
  6342 | D:4      | 6342 ||| Stepping randomly (stuck).
  6343 | D:4      | 6343 ||| Stepping randomly (stuck).
  6345 | D:4      | 6345 ||| Stepping randomly (stuck).
  6346 | D:4      | 6346 ||| Stepping randomly (stuck).
  6348 | D:4      | 6348 ||| Stepping randomly (stuck).
  6350 | D:4      | 6350 ||| Stepping randomly (stuck).
  6352 | D:4      | 6352 ||| Stepping randomly (stuck).
  6354 | D:4      | 6354 ||| Stepping randomly (stuck).
  6356 | D:4      | 6356 ||| Stepping randomly (stuck).
  6358 | D:4      | 6358 ||| Stepping randomly (stuck).
  6359 | D:4      | 6359 ||| Stepping randomly (stuck).
  6361 | D:4      | 6361 ||| Stepping randomly (stuck).
  6362 | D:4      | 6362 ||| Stepping randomly (stuck).
  6364 | D:4      | 6364 ||| Stepping randomly (stuck).
  6365 | D:4      | 6365 ||| Stepping randomly (stuck).
  6367 | D:4      | 6367 ||| Stepping randomly (stuck).
  6368 | D:4      | 6368 ||| Stepping randomly (stuck).
  6369 | D:4      | 6369 ||| Stepping randomly (stuck).
  6371 | D:4      | 6371 ||| Stepping randomly (stuck).
  6373 | D:4      | 6373 ||| Stepping randomly (stuck).
  6375 | D:4      | 6375 ||| Stepping randomly (stuck).
  6376 | D:4      | 6376 ||| Stepping randomly (stuck).
  6377 | D:4      | 6377 ||| Stepping randomly (stuck).
  6378 | D:4      | 6378 ||| Stepping randomly (stuck).
  6380 | D:4      | 6380 ||| Stepping randomly (stuck).
  6382 | D:4      | 6382 ||| Stepping randomly (stuck).
  6383 | D:4      | 6383 ||| Stepping randomly (stuck).
  6384 | D:4      | 6384 ||| Stepping randomly (stuck).
  6385 | D:4      | 6385 ||| Stepping randomly (stuck).
  6386 | D:4      | 6386 ||| Stepping randomly (stuck).
  6387 | D:4      | 6387 ||| Stepping randomly (stuck).
  6388 | D:4      | 6388 ||| Stepping randomly (stuck).
  6390 | D:4      | 6390 ||| Stepping randomly (stuck).
  6392 | D:4      | 6392 ||| Stepping randomly (stuck).
  6394 | D:4      | 6394 ||| Stepping randomly (stuck).
  6396 | D:4      | 6396 ||| Stepping randomly (stuck).
  6398 | D:4      | 6398 ||| Stepping randomly (stuck).
  6399 | D:4      | 6399 ||| Stepping randomly (stuck).
  6400 | D:4      | 6400 ||| Stepping randomly (stuck).
  6402 | D:4      | 6402 ||| Stepping randomly (stuck).
  6404 | D:4      | 6404 ||| Stepping randomly (stuck).
  6405 | D:4      | 6405 ||| Stepping randomly (stuck).
  6406 | D:4      | 6406 ||| Stepping randomly (stuck).
  6407 | D:4      | 6407 ||| Stepping randomly (stuck).
  6408 | D:4      | 6408 ||| Stepping randomly (stuck).
  6410 | D:4      | 6410 ||| Stepping randomly (stuck).
  6411 | D:4      | 6411 ||| Stepping randomly (stuck).
  6412 | D:4      | 6412 ||| Stepping randomly (stuck).
  6414 | D:4      | 6414 ||| Stepping randomly (stuck).
  6416 | D:4      | 6416 ||| Stepping randomly (stuck).
  6417 | D:4      | 6417 ||| Stepping randomly (stuck).
  6419 | D:4      | 6419 ||| Stepping randomly (stuck).
  6421 | D:4      | 6421 ||| Stepping randomly (stuck).
  6423 | D:4      | 6423 ||| Stepping randomly (stuck).
  6424 | D:4      | 6424 ||| Stepping randomly (stuck).
  6426 | D:4      | 6426 ||| Stepping randomly (stuck).
  6428 | D:4      | 6428 ||| Stepping randomly (stuck).
  6430 | D:4      | 6430 ||| Stepping randomly (stuck).
  6431 | D:4      | 6431 ||| Stepping randomly (stuck).
  6432 | D:4      | 6432 ||| Stepping randomly (stuck).
  6433 | D:4      | 6433 ||| Stepping randomly (stuck).
  6435 | D:4      | 6435 ||| Stepping randomly (stuck).
  6436 | D:4      | 6436 ||| Stepping randomly (stuck).
  6437 | D:4      | 6437 ||| Stepping randomly (stuck).
  6438 | D:4      | 6438 ||| Stepping randomly (stuck).
  6439 | D:4      | 6439 ||| Stepping randomly (stuck).
  6441 | D:4      | 6441 ||| Stepping randomly (stuck).
  6442 | D:4      | 6442 ||| Stepping randomly (stuck).
  6444 | D:4      | 6444 ||| Stepping randomly (stuck).
  6446 | D:4      | 6446 ||| Stepping randomly (stuck).
  6448 | D:4      | 6448 ||| Stepping randomly (stuck).
  6449 | D:4      | 6449 ||| Stepping randomly (stuck).
  6450 | D:4      | 6450 ||| Stepping randomly (stuck).
  6451 | D:4      | 6451 ||| Stepping randomly (stuck).
  6453 | D:4      | 6453 ||| Stepping randomly (stuck).
  6454 | D:4      | 6454 ||| Stepping randomly (stuck).
  6455 | D:4      | 6455 ||| Stepping randomly (stuck).
  6456 | D:4      | 6456 ||| Stepping randomly (stuck).
  6457 | D:4      | 6457 ||| Stepping randomly (stuck).
  6459 | D:4      | 6459 ||| Stepping randomly (stuck).
  6461 | D:4      | 6461 ||| Stepping randomly (stuck).
  6463 | D:4      | 6463 ||| Stepping randomly (stuck).
  6465 | D:4      | 6465 ||| Stepping randomly (stuck).
  6466 | D:4      | 6466 ||| Stepping randomly (stuck).
  6467 | D:4      | 6467 ||| Stepping randomly (stuck).
  6468 | D:4      | 6468 ||| Stepping randomly (stuck).
  6469 | D:4      | 6469 ||| Stepping randomly (stuck).
  6470 | D:4      | 6470 ||| Stepping randomly (stuck).
  6471 | D:4      | 6471 ||| Stepping randomly (stuck).
  6473 | D:4      | 6473 ||| Stepping randomly (stuck).
  6474 | D:4      | 6474 ||| Stepping randomly (stuck).
  6476 | D:4      | 6476 ||| Stepping randomly (stuck).
  6477 | D:4      | 6477 ||| Stepping randomly (stuck).
  6479 | D:4      | 6479 ||| Stepping randomly (stuck).
  6480 | D:4      | 6480 ||| Stepping randomly (stuck).
  6481 | D:4      | 6481 ||| Stepping randomly (stuck).
  6483 | D:4      | 6483 ||| Stepping randomly (stuck).
  6485 | D:4      | 6485 ||| Stepping randomly (stuck).
  6486 | D:4      | 6486 ||| Stepping randomly (stuck).
  6488 | D:4      | 6488 ||| Stepping randomly (stuck).
  6489 | D:4      | 6489 ||| Stepping randomly (stuck).
  6490 | D:4      | 6490 ||| Stepping randomly (stuck).
  6491 | D:4      | 6491 ||| Stepping randomly (stuck).
  6492 | D:4      | 6492 ||| Stepping randomly (stuck).
  6494 | D:4      | 6494 ||| Stepping randomly (stuck).
  6495 | D:4      | 6495 ||| Stepping randomly (stuck).
  6496 | D:4      | 6496 ||| Stepping randomly (stuck).
  6497 | D:4      | 6497 ||| Stepping randomly (stuck).
  6498 | D:4      | 6498 ||| Stepping randomly (stuck).
  6500 | D:4      | 6500 ||| Stepping randomly (stuck).
  6501 | D:4      | 6501 ||| Stepping randomly (stuck).
  6502 | D:4      | 6502 ||| Stepping randomly (stuck).
  6503 | D:4      | 6503 ||| Stepping randomly (stuck).
  6504 | D:4      | 6504 ||| Stepping randomly (stuck).
  6505 | D:4      | 6505 ||| Stepping randomly (stuck).
  6506 | D:4      | 6506 ||| Stepping randomly (stuck).
  6507 | D:4      | 6507 ||| Stepping randomly (stuck).
  6508 | D:4      | 6508 ||| Stepping randomly (stuck).
  6510 | D:4      | 6510 ||| Stepping randomly (stuck).
  6512 | D:4      | 6512 ||| Stepping randomly (stuck).
  6514 | D:4      | 6514 ||| Stepping randomly (stuck).
  6515 | D:4      | 6515 ||| Stepping randomly (stuck).
  6517 | D:4      | 6517 ||| Stepping randomly (stuck).
  6519 | D:4      | 6519 ||| Stepping randomly (stuck).
  6521 | D:4      | 6521 ||| Stepping randomly (stuck).
  6522 | D:4      | 6522 ||| Stepping randomly (stuck).
  6524 | D:4      | 6524 ||| Stepping randomly (stuck).
  6525 | D:4      | 6525 ||| Stepping randomly (stuck).
  6526 | D:4      | 6526 ||| Stepping randomly (stuck).
  6527 | D:4      | 6527 ||| Stepping randomly (stuck).
  6529 | D:4      | 6529 ||| Stepping randomly (stuck).
  6530 | D:4      | 6530 ||| Stepping randomly (stuck).
  6532 | D:4      | 6532 ||| Stepping randomly (stuck).
  6534 | D:4      | 6534 ||| Stepping randomly (stuck).
  6536 | D:4      | 6536 ||| Stepping randomly (stuck).
  6537 | D:4      | 6537 ||| Stepping randomly (stuck).
  6538 | D:4      | 6538 ||| Stepping randomly (stuck).
  6540 | D:4      | 6540 ||| Stepping randomly (stuck).
  6541 | D:4      | 6541 ||| Stepping randomly (stuck).
  6543 | D:4      | 6543 ||| Stepping randomly (stuck).
  6545 | D:4      | 6545 ||| Stepping randomly (stuck).
  6546 | D:4      | 6546 ||| Stepping randomly (stuck).
  6548 | D:4      | 6548 ||| Stepping randomly (stuck).
  6550 | D:4      | 6550 ||| Stepping randomly (stuck).
  6552 | D:4      | 6552 ||| Stepping randomly (stuck).
  6553 | D:4      | 6553 ||| Stepping randomly (stuck).
  6555 | D:4      | 6555 ||| Stepping randomly (stuck).
  6556 | D:4      | 6556 ||| Stepping randomly (stuck).
  6557 | D:4      | 6557 ||| Stepping randomly (stuck).
  6558 | D:4      | 6558 ||| Stepping randomly (stuck).
  6560 | D:4      | 6560 ||| Stepping randomly (stuck).
  6561 | D:4      | 6561 ||| Stepping randomly (stuck).
  6563 | D:4      | 6563 ||| Stepping randomly (stuck).
  6565 | D:4      | 6565 ||| Stepping randomly (stuck).
  6567 | D:4      | 6567 ||| Stepping randomly (stuck).
  6569 | D:4      | 6569 ||| Stepping randomly (stuck).
  6571 | D:4      | 6571 ||| Stepping randomly (stuck).
  6572 | D:4      | 6572 ||| Stepping randomly (stuck).
  6574 | D:4      | 6574 ||| Stepping randomly (stuck).
  6575 | D:4      | 6575 ||| Stepping randomly (stuck).
  6577 | D:4      | 6577 ||| Stepping randomly (stuck).
  6579 | D:4      | 6579 ||| Stepping randomly (stuck).
  6580 | D:4      | 6580 ||| Stepping randomly (stuck).
  6582 | D:4      | 6582 ||| Stepping randomly (stuck).
  6583 | D:4      | 6583 ||| Stepping randomly (stuck).
  6584 | D:4      | 6584 ||| Stepping randomly (stuck).
  6585 | D:4      | 6585 ||| Stepping randomly (stuck).
  6587 | D:4      | 6587 ||| Stepping randomly (stuck).
  6589 | D:4      | 6589 ||| Stepping randomly (stuck).
  6590 | D:4      | 6590 ||| Stepping randomly (stuck).
  6592 | D:4      | 6592 ||| Stepping randomly (stuck).
  6593 | D:4      | 6593 ||| Stepping randomly (stuck).
  6594 | D:4      | 6594 ||| Stepping randomly (stuck).
  6595 | D:4      | 6595 ||| Stepping randomly (stuck).
  6596 | D:4      | 6596 ||| Stepping randomly (stuck).
  6598 | D:4      | 6598 ||| Stepping randomly (stuck).
  6600 | D:4      | 6600 ||| Stepping randomly (stuck).
  6602 | D:4      | 6602 ||| Stepping randomly (stuck).
  6604 | D:4      | 6604 ||| Stepping randomly (stuck).
  6606 | D:4      | 6606 ||| Stepping randomly (stuck).
  6608 | D:4      | 6608 ||| Stepping randomly (stuck).
  6609 | D:4      | 6609 ||| Stepping randomly (stuck).
  6611 | D:4      | 6611 ||| Stepping randomly (stuck).
  6613 | D:4      | 6613 ||| Stepping randomly (stuck).
  6614 | D:4      | 6614 ||| Stepping randomly (stuck).
  6615 | D:4      | 6615 ||| Stepping randomly (stuck).
  6617 | D:4      | 6617 ||| Stepping randomly (stuck).
  6619 | D:4      | 6619 ||| Stepping randomly (stuck).
  6621 | D:4      | 6621 ||| Stepping randomly (stuck).
  6622 | D:4      | 6622 ||| Stepping randomly (stuck).
  6623 | D:4      | 6623 ||| Stepping randomly (stuck).
  6625 | D:4      | 6625 ||| Stepping randomly (stuck).
  6626 | D:4      | 6626 ||| Stepping randomly (stuck).
  6628 | D:4      | 6628 ||| Stepping randomly (stuck).
  6630 | D:4      | 6630 ||| Stepping randomly (stuck).
  6631 | D:4      | 6631 ||| Stepping randomly (stuck).
  6633 | D:4      | 6633 ||| Stepping randomly (stuck).
  6634 | D:4      | 6634 ||| Stepping randomly (stuck).
  6635 | D:4      | 6635 ||| Stepping randomly (stuck).
  6637 | D:4      | 6637 ||| Stepping randomly (stuck).
  6639 | D:4      | 6639 ||| Stepping randomly (stuck).
  6640 | D:4      | 6640 ||| Stepping randomly (stuck).
  6642 | D:4      | 6642 ||| Stepping randomly (stuck).
  6643 | D:4      | 6643 ||| Stepping randomly (stuck).
  6645 | D:4      | 6645 ||| Stepping randomly (stuck).
  6647 | D:4      | 6647 ||| Stepping randomly (stuck).
  6649 | D:4      | 6649 ||| Stepping randomly (stuck).
  6651 | D:4      | 6651 ||| Stepping randomly (stuck).
  6652 | D:4      | 6652 ||| Stepping randomly (stuck).
  6653 | D:4      | 6653 ||| Stepping randomly (stuck).
  6654 | D:4      | 6654 ||| Stepping randomly (stuck).
  6656 | D:4      | 6656 ||| Stepping randomly (stuck).
  6658 | D:4      | 6658 ||| Stepping randomly (stuck).
  6660 | D:4      | 6660 ||| Stepping randomly (stuck).
  6661 | D:4      | 6661 ||| Stepping randomly (stuck).
  6663 | D:4      | 6663 ||| Stepping randomly (stuck).
  6664 | D:4      | 6664 ||| Stepping randomly (stuck).
  6665 | D:4      | 6665 ||| Stepping randomly (stuck).
  6666 | D:4      | 6666 ||| Stepping randomly (stuck).
  6668 | D:4      | 6668 ||| Stepping randomly (stuck).
  6669 | D:4      | 6669 ||| Stepping randomly (stuck).
  6670 | D:4      | 6670 ||| Stepping randomly (stuck).
  6672 | D:4      | 6672 ||| Stepping randomly (stuck).
  6673 | D:4      | 6673 ||| Stepping randomly (stuck).
  6674 | D:4      | 6674 ||| Stepping randomly (stuck).
  6675 | D:4      | 6675 ||| Stepping randomly (stuck).
  6676 | D:4      | 6676 ||| Stepping randomly (stuck).
  6677 | D:4      | 6677 ||| Stepping randomly (stuck).
  6679 | D:4      | 6679 ||| Stepping randomly (stuck).
  6681 | D:4      | 6681 ||| Stepping randomly (stuck).
  6682 | D:4      | 6682 ||| Stepping randomly (stuck).
  6683 | D:4      | 6683 ||| Stepping randomly (stuck).
  6685 | D:4      | 6685 ||| Stepping randomly (stuck).
  6687 | D:4      | 6687 ||| Stepping randomly (stuck).
  6689 | D:4      | 6689 ||| Stepping randomly (stuck).
  6691 | D:4      | 6691 ||| Stepping randomly (stuck).
  6692 | D:4      | 6692 ||| Stepping randomly (stuck).
  6693 | D:4      | 6693 ||| Stepping randomly (stuck).
  6695 | D:4      | 6695 ||| Stepping randomly (stuck).
  6696 | D:4      | 6696 ||| Stepping randomly (stuck).
  6697 | D:4      | 6697 ||| Stepping randomly (stuck).
  6699 | D:4      | 6699 ||| Stepping randomly (stuck).
  6700 | D:4      | 6700 ||| Stepping randomly (stuck).
  6702 | D:4      | 6702 ||| Stepping randomly (stuck).
  6704 | D:4      | 6704 ||| Stepping randomly (stuck).
  6705 | D:4      | 6705 ||| Stepping randomly (stuck).
  6706 | D:4      | 6706 ||| Stepping randomly (stuck).
  6708 | D:4      | 6708 ||| Stepping randomly (stuck).
  6710 | D:4      | 6710 ||| Stepping randomly (stuck).
  6711 | D:4      | 6711 ||| Stepping randomly (stuck).
  6713 | D:4      | 6713 ||| Stepping randomly (stuck).
  6715 | D:4      | 6715 ||| Stepping randomly (stuck).
  6716 | D:4      | 6716 ||| Stepping randomly (stuck).
  6717 | D:4      | 6717 ||| Stepping randomly (stuck).
  6719 | D:4      | 6719 ||| Stepping randomly (stuck).
  6720 | D:4      | 6720 ||| Stepping randomly (stuck).
  6722 | D:4      | 6722 ||| Stepping randomly (stuck).
  6724 | D:4      | 6724 ||| Stepping randomly (stuck).
  6725 | D:4      | 6725 ||| Stepping randomly (stuck).
  6726 | D:4      | 6726 ||| Stepping randomly (stuck).
  6727 | D:4      | 6727 ||| Stepping randomly (stuck).
  6728 | D:4      | 6728 ||| Stepping randomly (stuck).
  6729 | D:4      | 6729 ||| Stepping randomly (stuck).
  6730 | D:4      | 6730 ||| Stepping randomly (stuck).
  6731 | D:4      | 6731 ||| Stepping randomly (stuck).
  6733 | D:4      | 6733 ||| Stepping randomly (stuck).
  6735 | D:4      | 6735 ||| Stepping randomly (stuck).
  6737 | D:4      | 6737 ||| Stepping randomly (stuck).
  6738 | D:4      | 6738 ||| Stepping randomly (stuck).
  6740 | D:4      | 6740 ||| Stepping randomly (stuck).
  6742 | D:4      | 6742 ||| Stepping randomly (stuck).
  6743 | D:4      | 6743 ||| Stepping randomly (stuck).
  6745 | D:4      | 6745 ||| Stepping randomly (stuck).
  6747 | D:4      | 6747 ||| Stepping randomly (stuck).
  6748 | D:4      | 6748 ||| Stepping randomly (stuck).
  6750 | D:4      | 6750 ||| Stepping randomly (stuck).
  6752 | D:4      | 6752 ||| Stepping randomly (stuck).
  6753 | D:4      | 6753 ||| Stepping randomly (stuck).
  6755 | D:4      | 6755 ||| Stepping randomly (stuck).
  6757 | D:4      | 6757 ||| Stepping randomly (stuck).
  6759 | D:4      | 6759 ||| Stepping randomly (stuck).
  6760 | D:4      | 6760 ||| Stepping randomly (stuck).
  6761 | D:4      | 6761 ||| Stepping randomly (stuck).
  6763 | D:4      | 6763 ||| Stepping randomly (stuck).
  6765 | D:4      | 6765 ||| Stepping randomly (stuck).
  6766 | D:4      | 6766 ||| Stepping randomly (stuck).
  6767 | D:4      | 6767 ||| Stepping randomly (stuck).
  6768 | D:4      | 6768 ||| Stepping randomly (stuck).
  6770 | D:4      | 6770 ||| Stepping randomly (stuck).
  6772 | D:4      | 6772 ||| Stepping randomly (stuck).
  6773 | D:4      | 6773 ||| Stepping randomly (stuck).
  6774 | D:4      | 6774 ||| Stepping randomly (stuck).
  6775 | D:4      | 6775 ||| Stepping randomly (stuck).
  6776 | D:4      | 6776 ||| Stepping randomly (stuck).
  6778 | D:4      | 6778 ||| Stepping randomly (stuck).
  6780 | D:4      | 6780 ||| Stepping randomly (stuck).
  6781 | D:4      | 6781 ||| Stepping randomly (stuck).
  6783 | D:4      | 6783 ||| Stepping randomly (stuck).
  6784 | D:4      | 6784 ||| Stepping randomly (stuck).
  6786 | D:4      | 6786 ||| Stepping randomly (stuck).
  6787 | D:4      | 6787 ||| Stepping randomly (stuck).
  6789 | D:4      | 6789 ||| Stepping randomly (stuck).
  6790 | D:4      | 6790 ||| Stepping randomly (stuck).
  6792 | D:4      | 6792 ||| Stepping randomly (stuck).
  6794 | D:4      | 6794 ||| Stepping randomly (stuck).
  6796 | D:4      | 6796 ||| Stepping randomly (stuck).
  6798 | D:4      | 6798 ||| Stepping randomly (stuck).
  6799 | D:4      | 6799 ||| Stepping randomly (stuck).
  6800 | D:4      | 6800 ||| Stepping randomly (stuck).
  6801 | D:4      | 6801 ||| Stepping randomly (stuck).
  6803 | D:4      | Quit the game

Levels and vault maps discovered:
D:1:      psy_arrival_statuary, layout_basic, minmay_tripent
D:2:      layout_basic, hellmonk_ecumenical_altar_heavens_door, serial_shops,
          nicolae_shop_waterfront, serial_bayou_pond_c
D:3:      layout_basic, amcnicky_altar_gilded, gammafunk_ghost_gnarly_gnolls
D:4:      minmay_chambers_of_fours, layout_cave_pools, serial_column_ruins,
          column_ruins_columns_straight, column_ruins_columns_T,
          column_ruins_corridor_straight

Skill      XL: |  1  2  3  4  5  6 |
---------------+-------------------+-----
Axes           | 3 4 5 6 |  6.0
Fighting       | 4 |  4.0
Armour         | |  2.1
Dodging        | |  1.5

Action                   |  1- 3 |  4- 6 || total
-------------------------+-------+-------++-------
Melee: Hand axe          |   142 |   186 ||   328
       Punch             |     2 |     1 ||     3
Throw: Boomerang         |       |     8 ||     8
Invok: Berserk           |     2 |     2 ||     4
  Use: Scroll            |     2 |    10 ||    12
       Potion            |     2 |     1 ||     3
Armor: Animal skin       |    43 |    13 ||    56
       Ring mail         |       |    58 ||    58
Dodge: Dodged            |    63 |   101 ||   164

Table legend:
 A = Non-vault XP
 B = Vault XP
 C = Vault XP percentage of total XP
 D = Non-vault monster count
 E = Vault monster count
 F = Vault count percentage of total count
                 A         B        C        D         E       F
            +---------+---------+-------+---------+---------+-------
      Total |     270 |     156 |  36.6 |      81 |       7 |   8.0
            +---------+---------+-------+---------+---------+-------
        D:1 |      50 |       4 |   7.4 |      28 |       2 |   6.7
        D:2 |      70 |       0 |   0.0 |      29 |       0 |   0.0
        D:3 |      34 |       0 |   0.0 |      12 |       0 |   0.0
        D:4 |     116 |     152 |  56.7 |      12 |       5 |  29.4
            +---------+---------+-------+---------+---------+-------
